 Dungeon Crawl Stone Soup version 0.31-a0-202-g547052bce9 (webtiles) character file.

Game seed: 18014943013976732966

140 ketsa the Ducker (level 5, -1/26 HPs)
             Began as a Spriggan Transmuter on June 26, 2023.
             Was a Priest of Elyvilon.
             Slain by a gnoll
             ... wielding a +0 halberd
              (11 damage)
             ... on level 3 of the Dungeon.
             The game lasted 00:07:32 (2383 turns).

ketsa the Ducker (Spriggan Transmuter)              Turns: 2383, Time: 00:07:33

Health: -1/26      AC:  2    Str:  6    XL:     5   Next: 2%
Magic:  10/11      EV: 19    Int: 17    God:    Elyvilon [***...]
Gold:   124        SH:  0    Dex: 18    Spells: 8/11 levels left

rFire   x . .        o - +10 long sword "Wacoudib" {heavy, Fly Dex+3}
rCold   + . .        (no shield)
rNeg    . . .        a - +0 robe
rPois   .            (helmet currently unavailable)
rElec   .            (no cloak)
rCorr   .            (gloves unavailable)
SInv    +            (boots unavailable)
Will    .....        (no amulet)
Stlth   ++           c - ring of ice
HPRegen 0.24/turn    (no ring)
MPRegen 0.12/turn

%: no passive effects
@: appendages (expiring), flying, very quick
A: horns 2, talons 2, very small, no large weapons, unfitting armour, see
invisible, speed 3
a: End Transformation, Renounce Religion, Purification, Heal Other, Heal Self


You were on level 3 of the Dungeon.
You worshipped Elyvilon.
Elyvilon was most pleased with you.
You had temporarily grown beastly horns and talons.
You visited 1 branch of the dungeon, and saw 3 of its levels.

You collected 124 gold pieces.

Inventory:

Hand Weapons
 e - a +0 short sword of electrocution
 l - a +0 dagger of draining
 o - the +10 long sword "Wacoudib" (weapon) {heavy, Fly Dex+3}
   (You found it on level 2 of the Dungeon)

   Dex:       It affects your dexterity (+3).
   Fly:       It grants you flight.
Missiles
 d - 37 stones
 h - 6 poisoned darts
Armour
 a - a +0 robe (worn)
Jewellery
 c - a ring of ice (left hand)
Scrolls
 g - a scroll of silence {unknown}
 i - a scroll of amnesia {unknown}
 m - a scroll of vulnerability {unknown}
 n - a scroll of fear {unknown}
 r - a scroll of acquirement {unknown}
Potions
 b - a potion of lignification
 f - 2 potions of heal wounds
 j - 2 potions of might
 k - a potion of berserk rage {unknown}
 q - a potion of curing {unknown}
 s - a potion of attraction {unknown}


   Skills:
 + Level 1.8 Fighting
 + Level 0.4 Long Blades
 + Level 4.0 Dodging
 - Level 2.9 Unarmed Combat
 + Level 3.6 Spellcasting
 + Level 3.9 Transmutations


You had 8 spell levels left.
You knew the following spells:

 Your Spells              Type           Power      Damage    Failure   Level
a - Beastly Appendage     Tmut           32%        N/A       3%          1
b - Wereblood             Tmut           16%        N/A       4%          2

Your spell library contained the following spells:

 Spells                   Type           Power      Damage    Failure   Level
 Spider Form              Tmut/Pois      9%         N/A       22%         3
 Ice Form                 Ice/Tmut       14%        N/A       58%         4


Dungeon Overview and Level Annotations

Branches:
Dungeon (3/15)

Altars:
Elyvilon


Innate Abilities, Weirdness & Mutations

You have temporarily grown beastly horns and talons.
You are very small and have problems with some larger weapons.
You are too small for most types of armour.
You have supernaturally acute eyesight. (SInv)
You cover ground extremely quickly. (Speed+++)


Message History

Found a plate armour.
A ball python comes into view.
Found 9 gold pieces.
The ball python hisses angrily.
A gnoll comes into view. It is wielding a +0 halberd.
The gnoll shouts!
You hear a shout!
A gnoll comes into view. It is wielding a +0 club.
You hear a shout!
The gnoll shouts!
You slice the ball python!!
You kill the ball python!
A gnoll comes into view. It is wielding a +0 club.
A gnoll comes into view. It is wielding a +0 club.
The gnoll shouts!
You closely miss the gnoll.
The gnoll hits you from afar with a +0 halberd!
Ouch! That really hurt!
The gnoll hits you from afar with a +0 halberd!
Elyvilon protects you from harm! The gnoll hits you with a +0 club.
The gnoll hits you with a +0 club! Elyvilon protects you from harm!
The gnoll closely misses you.
You slash the gnoll!
You kill the gnoll!
The gnoll closely misses you. The gnoll completely misses you.
The gnoll misses you.
Your Dodging skill increases to level 4!
You have reached level 5!
You feel clever.
Casting: Beastly Appendage (safe; 3% risk of failure)
Confirm with . or Enter, or press ? or * to list all spells.
You grow a pair of large bovine horns.
Your feet morph into talons.
You slash the gnoll! Your kick misses the gnoll.
The gnoll is almost dead.
The gnoll misses you. The gnoll closely misses you.
The gnoll hits you from afar with a +0 halberd.
You hit the gnoll.
You kill the gnoll!
Your transformation is almost over.
The gnoll hits you from afar with a +0 halberd!
You die...

#####.........##.##.####
..............##.##.....
..†.........^...........
..............##)#######
#####...#####.##.#
#.........##g#
#...##.#####g# #...# #
#)# #...# #@# #...# #
#.# #.#.##.# #..
#......# ####
#######.#########
....##..........#
.........######.#
#.#..#...# #.#
†...)....# #.#


You could see 2 gnolls.

Vanquished Creatures
  5 gnolls (D:3)
  6 adders
  A dart slug (D:3)
  An orc (D:3)
  6 bats
  7 endoplasms
  5 goblins
  4 hobgoblins
  2 quokkas
  5 ball pythons
  4 frilled lizards
  3 kobolds
49 creatures vanquished.

Notes
Turn   | Place    | Note
-------+----------+-------------------------------------------
     0 | D:1      | ketsa the Spriggan Transmuter began the quest for the Orb.
     0 | D:1      | Reached XP level 1. HP: 9/9 MP: 5/5
    32 | D:1      | Found a faded altar of an unknown god.
    41 | D:1      | Prayed at the altar of an unknown god.
    41 | D:1      | Became a worshipper of Elyvilon the Healer
    41 | D:1      | Reached * piety under Elyvilon
   269 | D:1      | Reached skill level 1 in Fighting
   320 | D:1      | Reached XP level 2. HP: 13/14 MP: 6/6
   326 | D:1      | Learned a level 2 spell: Wereblood
   450 | D:1      | Reached skill level 3 in Dodging
   959 | D:1      | Reached ** piety under Elyvilon
  1342 | D:2      | Reached XP level 3. HP: 8/18 MP: 6/8
  1873 | D:2      | Reached XP level 4. HP: 16/22 MP: 10/10
  1951 | D:2      | Identified the +10 long sword "Wacoudib" {heavy, Fly Dex+3}
  2241 | D:3      | Reached *** piety under Elyvilon
  2374 | D:3      | Elyvilon protects you from harm!
  2374 | D:3      | Elyvilon protects you from harm!
  2376 | D:3      | Reached skill level 4 in Dodging
  2376 | D:3      | Reached XP level 5. HP: 9/26 MP: 11/11
  2383 | D:3      | Slain by a gnoll

Illustrated notes

Levels and vault maps discovered:
D:1:      dpeg_arrival_pond, layout_loops_corners, serial_bayou,
          serial_bayou_pond_e, serial_bayou_shore_a, serial_bayou_lagoon_b,
          serial_bayou_pond_a, serial_bayou_crossing,
          shapermc_ecumenical_altar_mp_urbaneastern
D:2:      layout_rooms, grunt_decor_fettered
D:3:      layout_loops_cross

Skill      XL: |  1  2  3  4 |
---------------+-------------+-----
Fighting       | 1 |  1.8
Dodging        | 3 4 |  4.0
Transmutations | 3 |  3.9
Spellcasting   | 3 |  3.6
Long Blades    | |  0.4
Unarmed Combat | |  2.9

Action                     |  1- 3 |  4- 6 || total
---------------------------+-------+-------++-------
  Melee: Unarmed           |   154 |       ||   154
         Kick              |    19 |       ||    19
         Headbutt          |    12 |       ||    12
         Punch             |     4 |       ||     4
         Long sword        |       |    27 ||    27
   Cast: Beastly Appendage |    21 |     1 ||    22
         Wereblood         |     1 |       ||     1
    Use: Scroll            |       |     2 ||     2
   Stab: Sleeping          |     2 |       ||     2
 Armour: Robe              |    18 |     4 ||    22
  Dodge: Dodged            |   110 |    29 ||   139

Table legend: (Time is in decaauts)
 A = Elapsed time spent in this place.
 B = Non-inter-level travel time spent in this place.
 C = Inter-level travel time spent in this place.
 D = Time resting spent in this place.
 E = Time spent auto-exploring this place.
 F = Levels seen in this place.
 G = Mean time per level.
                   A        B        C        D        E       F      G
               +--------+--------+--------+--------+--------+-----+--------+
         Total |   1744 |   1729 |     15 |    221 |    947 |   3 |  581.3 |
       Dungeon |   1744 |   1729 |     15 |    221 |    947 |   3 |  581.3 |
               +--------+--------+--------+--------+--------+-----+--------+

Top non-repeatable levels by time:
     D:1: 879 daAuts
     D:2: 582 daAuts
     D:3: 282 daAuts
